AoeStats
← NicNic

Arabia

507978391Analyzed
1v1 RM · 11d ago on Sep 20, 2026· 38m 20s· 2 players
Game mode
Random Map
Map size
Tiny (2 player)
Population
200
Speed
Normal
Resources
Standard
Victory
Conquest
Starting age
Dark Age
Ending age
Imperial Age
RankedLock teamsTeams togetherTeam positionsShared explorationLock speedFull tech treeHidden civsTurbo modeCheats
Victory
Defeat
🇫🇷 Lithuanians · France
876
+16
🇨🇳 Portuguese · China
872
-16
邪恶小葡
5:50 Loom
10:22 Feudal Age
11:24 Double-Bit Axe
15:34 Horse Collar
16:40 Wheelbarrow
18:25 Stone Mining
20:53 Castle Age
20:43 Gold Mining
20:46 Stone Mining
23:32 Bow Saw
25:36 Hand Cart
31:46 Imperial Age
30:19 Heavy Plow
30:27 Pikeman
31:35 Forging
31:26 Scale Mail Armor
33:10 Iron Casting
34:12 Chemistry
33:31 Fortified Wall
34:06 Conscription
35:16 Stone Shaft Mining
37:04 Two-Man Saw
38:01 Bombard Tower
37:46 Siege Engineers
NicNic
10:18 Feudal Age
12:01 Double-Bit Axe
13:23 Loom
17:14 Castle Age
15:58 Horse Collar
18:18 Bow Saw
20:15 Heavy Plow
25:05 Wheelbarrow
28:43 Imperial Age
28:14 Scale Barding Armor
28:21 Forging
28:04 Fletching
28:17 Husbandry
28:28 Bloodlines
28:47 Cavalier
29:48 Chain Barding Armor
29:41 Gold Mining
30:53 Two-Man Saw
31:07 Paladin
35:50 Plate Barding Armor
35:50 Hand Cart
37:34 Chemistry
38:39 Iron Casting
38:34 Town Watch
Connection lost

Rejoining the realm…

Still unreachable

The connection could not be restored.

Session expired

The server has moved on; the page needs a fresh start.